[Event "14th HSG Open 2019-BC"]
[Site "Hilversum"]
[Date "2019.06.21"]
[Round "1.1"]
[White "Den Boer, Paul"]
[Black "De Groot, Hendrik"]
[Result "1-0"]
[ECO "D43"]
[WhiteElo "1901"]
[BlackElo "2116"]
[Annotator "NA"]
[PlyCount "75"]
[EventDate "2019.06.21"]
[EventType "swiss"]
[EventCountry "NED"]
[SourceTitle "playchess.com"]
[Source "ChessBase"]
[SourceQuality "1"]
[TimeControl "6600+10"]

1. d4 d5 2. Nf3 e6 3. c4 Nf6 4. Nc3 c6 5. Bg5 Nbd7 6. Qb3 Be7 7. e3 O-O 8. Bd3 dxc4 9. Bxc4 {[%emt 0:00:10] D60: Queen's Gambit Declined: Classical: Unusual White 7th moves} (9. Qxc4 c5 10. O-O cxd4 11. Qxd4 h6 12. Bh4 b6 13. Rfd1 Bb7 14. Bb5 Nc5 15. b4 Na6 16. a3 Rc8 {½-½ (48) Harikrishna,P (2673)-Dreev,A (2710) Melilla 2011}) 9... Nb6 10. Be2 Nbd5 $146 ({Predecessor:} 10... Nfd5 11. Bxe7 Qxe7 12. O-O Nd7 13. Rfd1 b6 14. Rac1 Bb7 15. Nxd5 cxd5 16. Rc7 {1-0 (29) Duzs,J (2075)-Balogh,G Hungary 2007}) 11. O-O b6 12. Ne5 Bb7 13. Rac1 Nxc3 14. Rxc3 Ne4 15. Bxe7 Qxe7 16. Rc2 Rfc8 17. Rfc1 c5 18. Qa3 Qf6 19. f3 Nd6 20. Ng4 Qg5 21. dxc5 bxc5 22. Rxc5 Rxc5 23. Qxc5 Qxc5 24. Rxc5 Bd5 25. b3 $18 Rc8 26. Rxc8+ Nxc8 27. Ba6 Nd6 28. e4 Bc6 29. Ne5 Bb5 30. Bxb5 Nxb5 31. Kf2 Kf8 32. Ke3 f6 33. Nc6 a6 34. a4 Nc7 35. Kd4 Ke8 36. Kc5 Kd7 37. b4 h5 38. b5 1-0

[Event "14th HSG Open 2019-BC"]
[Site "Hilversum"]
[Date "2019.06.21"]
[Round "1.2"]
[White "Coenjaerts, Rene"]
[Black "Mensing, Adrian"]
[Result "0-1"]
[ECO "C63"]
[WhiteElo "1718"]
[BlackElo "1938"]
[Annotator "NA RC"]
[PlyCount "44"]
[EventDate "2019.06.21"]
[EventType "swiss"]
[EventCountry "NED"]
[SourceTitle "playchess.com"]
[Source "ChessBase"]
[SourceQuality "1"]
[TimeControl "6600+10"]

1. e4 e5 2. Nf3 Nc6 3. Bb5 f5 4. d3 fxe4 5. dxe4 Nf6 6. O-O Bc5 7. Nc3 d6 8. Qe2 Bg4 9. Na4 Bb6 10. Nxb6 axb6 11. Qd3 O-O 12. Ng5 h6 $16 (12... Qe8 $15 {stays ahead.}) 13. Bc4+ d5 14. exd5 Nd4 15. d6+ Kh8 16. Nf7+ Rxf7 17. Bxf7 Be2 18. Qg6 Bh5 19. dxc7 Qxc7 20. Qd3 Qxf7 21. f3 Bg6 22. Qd1 Nxc2 0-1

[Event "14th HSG Open 2019-BC"]
[Site "Hilversum"]
[Date "2019.06.21"]
[Round "1.4"]
[White "Heins, Ricardo"]
[Black "Jacobsen, Raymond"]
[Result "0-1"]
[ECO "C45"]
[WhiteElo "1430"]
[BlackElo "1358"]
[Annotator "NA RC"]
[PlyCount "76"]
[EventDate "2019.06.21"]
[EventType "swiss"]
[EventCountry "NED"]
[SourceTitle "playchess.com"]
[Source "ChessBase"]
[SourceQuality "1"]
[TimeControl "6600+10"]

1. e4 e5 2. Nf3 Nc6 3. d4 exd4 4. Nxd4 Bc5 5. Nxc6 Qf6 6. Qd2 Qxc6 7. Bd3 Nf6 8. Qf4 d6 9. Nd2 Be6 10. Nb3 O-O 11. Nxc5 dxc5 12. f3 Rad8 13. O-O c4 14. Be2 b5 15. Be3 a6 16. Qh4 h6 17. Bxh6 gxh6 18. Qxf6 Kh7 19. Rfd1 Qc5+ 20. Kh1 Rxd1+ 21. Rxd1 Qf2 22. Bf1 Qxc2 23. Qd4 Rg8 24. a3 Rg6 25. e5 c5 26. Qd8 Qxb2 27. Qf8 Qxe5 28. Rd8 Bd5 29. Re8 Qf6 30. Re3 Qd4 31. Re8 Qf6 32. Re3 Qa1 33. Kg1 Qd4 34. Kf2 Be6 35. g3 Rg8 36. Qe7 Rd8 37. Bh3 Rd7 38. Qh4 Qxh4 0-1

[Event "14th HSG Open 2019-BC"]
[Site "Hilversum"]
[Date "2019.06.21"]
[Round "2.2"]
[White "Ibrahim, Geomerd"]
[Black "Patil, Mahesh"]
[Result "0-1"]
[ECO "B01"]
[WhiteElo "1935"]
[BlackElo "1749"]
[Annotator "NA"]
[PlyCount "89"]
[EventDate "2019.06.21"]
[EventType "swiss"]
[EventCountry "NED"]
[SourceTitle "playchess.com"]
[Source "ChessBase"]
[SourceQuality "1"]
[TimeControl "6600+10"]

1. e4 d5 2. exd5 Nf6 3. d4 Nxd5 4. c4 Nb6 5. Nc3 e5 6. Be3 exd4 7. Bxd4 Nc6 8. Bxb6 Qxd1+ 9. Rxd1 axb6 10. a3 Bd7 11. Nd5 Bd6 12. Nxb6 Ra5 13. Nf3 Bg4 14. Be2 Bxa3 15. Nd5 Bd6 16. O-O O-O 17. Ne3 Bh5 18. g4 Bg6 19. Nh4 Ra2 20. Nxg6 fxg6 21. c5 Bxh2+ 22. Kxh2 Rxb2 23. Bc4+ Kh8 24. Rb1 Rfxf2+ 25. Rxf2 Rxf2+ 26. Kg3 Rf8 27. Rxb7 Ne5 28. Rxc7 h5 29. Be2 Kh7 30. gxh5 gxh5 31. Bxh5 Rf6 32. Nd5 Rf5 33. Be2 Kh6 34. Ne7 Rf7 35. Bd1 Kg5 36. Ba4 Rf3+ $18 37. Kg2 Ra3 38. Be8 Kg4 39. Bd7+ Kf4 40. Be6 Rg3+ 41. Kf1 g5 42. Ra7 Rf3+ 43. Kg2 Rg3+ 44. Kh1 Rc3 45. Nd5+ {[%emt 0:00:12] Rg3 Ne7 Nf3 Ng6+ Ke3 Ra3+ Kf2 Ra2+ Kf1 Bc4+ Ke1 Re2+ Kd1} 0-1

[Event "14th HSG Open 2019-BC"]
[Site "Hilversum"]
[Date "2019.06.21"]
[Round "2.3"]
[White "Jacobsen, Raymond"]
[Black "Kazarjan, Gachatur"]
[Result "1-0"]
[ECO "B38"]
[WhiteElo "1358"]
[BlackElo "1484"]
[Annotator "NA"]
[PlyCount "74"]
[EventDate "2019.06.21"]
[EventType "swiss"]
[EventCountry "NED"]
[SourceTitle "playchess.com"]
[Source "ChessBase"]
[SourceQuality "1"]
[TimeControl "6600+10"]

1. e4 c5 2. Nf3 Nc6 3. d4 cxd4 4. Nxd4 g6 5. c4 Bg7 6. Be3 Nf6 7. Nc3 O-O 8. Be2 d6 9. O-O Nd7 10. Qd2 Nb6 11. Rad1 Bd7 12. f4 Rc8 13. b3 a6 14. f5 Ne5 15. fxg6 hxg6 16. Nf3 Bg4 17. Nxe5 Bxe2 18. Nxe2 Bxe5 19. Bh6 Bg7 20. Rf3 Qc7 21. Rh3 Qc5+ 22. Kh1 Qe5 23. Rf1 e6 24. Bxg7 Qxg7 25. Qxd6 Rc6 26. Qe7 a5 27. Qxb7 Rfc8 28. Qe7 a4 29. Rhf3 R6c7 30. Qd6 Nd7 31. Nd4 Ne5 32. Rf6 Ng4 33. Nxe6 fxe6 34. Qxe6+ Kh8 35. Qxg4 Rd8 36. Rxg6 Qh7 37. Qg5 Rg8 1-0

[Event "14th HSG Open 2019-BC"]
[Site "Hilversum"]
[Date "2019.06.21"]
[Round "2.4"]
[White "Nitrauw, Peter"]
[Black "Sazonov, Fedor"]
[Result "1-0"]
[ECO "B21"]
[WhiteElo "1545"]
[BlackElo "1269"]
[Annotator "NA"]
[PlyCount "69"]
[EventDate "2019.06.21"]
[EventType "swiss"]
[EventCountry "NED"]
[SourceTitle "playchess.com"]
[Source "ChessBase"]
[SourceQuality "1"]
[TimeControl "6600+10"]

1. e4 c5 2. d4 cxd4 3. c3 dxc3 4. Nxc3 d6 5. Nf3 Nc6 6. Bc4 Nf6 7. O-O g6 8. Qe2 Bg7 9. Rd1 Qc7 10. Nb5 Qb8 11. Bf4 a6 12. Rxd6 e5 13. Nxe5 axb5 14. Bxf7+ Kf8 15. Nxc6 bxc6 16. Rxf6 Bxf6 17. Bxb8 Kxf7 18. Bf4 Be6 19. e5 Be7 20. Qc2 Rhd8 21. b3 c5 22. h3 b4 23. Be3 Rd5 24. f4 Ra3 25. Rf1 Bf5 26. Qc4 Be6 27. f5 gxf5 28. Rxf5+ Kg7 29. Qg4+ Kh8 30. Bh6 Rd1+ 31. Kh2 Rh1+ 32. Kxh1 Bg5 33. Rf8+ Bg8 34. Qxg5 Ra7 35. Rxg8# 1-0

[Event "14th HSG Open 2019-BC"]
[Site "Hilversum"]
[Date "2019.06.22"]
[Round "3.1"]
[White "De Winter, Arthur"]
[Black "Ibrahim, Geomerd"]
[Result "1-0"]
[ECO "C78"]
[WhiteElo "1759"]
[BlackElo "1935"]
[Annotator "NA"]
[PlyCount "77"]
[EventDate "2019.06.21"]
[EventType "swiss"]
[EventCountry "NED"]
[SourceTitle "playchess.com"]
[Source "ChessBase"]
[SourceQuality "1"]
[TimeControl "6600+10"]

1. e4 Nc6 2. Nf3 e5 3. Bb5 a6 4. Ba4 Nf6 5. O-O b5 6. Bb3 d6 7. Ng5 d5 8. exd5 Nd4 9. Nc3 {[%emt 0:05:38] C78: Ruy Lopez: Archangelsk and Möller Defences} (9. Re1 Nxb3 10. Rxe5+ Be7 11. axb3 Ng4 12. Re1 Qxd5 13. Nf3 Qd6 14. Nc3 Bb7 15. h3 Nf6 16. Qe2 b4 17. Na4 {1-0 (25) Hossain,E (2438)-Rahman,S (2202) Dhaka 2019}) 9... h6 10. Nge4 Nxe4 11. Nxe4 Nxb3 12. axb3 Qxd5 13. Nc3 Qc6 14. Re1 Be6 $146 ({Predecessor:} 14... Bd6 15. d4 Bb7 16. Qg4 h5 {1-0 (68) Solty,L (2148)-Csernyiczky,L (2036) Hungary 2012}) 15. d4 exd4 16. Qxd4 Bc5 17. Qh4 (17. Qxg7 O-O-O $15) 17... Be7 18. Qg3 O-O-O 19. Bf4 g5 20. Be5 f6 21. Bxc7 Rd7 22. Ba5 Bf5 23. Ne2 $14 Kb7 24. Nd4 Rxd4 25. Rxe7+ Rd7 26. Rae1 Rc8 27. c3 Ka8 28. h3 Bc2 29. R7e6 Qd5 30. Rxa6+ Ra7 31. Rxa7+ Kxa7 32. Re7+ Ka6 33. Qe3 Qc5 34. Re6+ Kb7 35. Rb6+ Ka7 36. Qe6 Ka8 37. Qd7 Be4 38. Ra6+ Kb8 39. Bb6 1-0

[Event "14th HSG Open 2019-BC"]
[Site "Hilversum"]
[Date "2019.06.22"]
[Round "3.2"]
[White "Den Boer, Paul"]
[Black "Bettman, Jan"]
[Result "1-0"]
[ECO "A01"]
[WhiteElo "1901"]
[BlackElo "1877"]
[Annotator "NA"]
[PlyCount "73"]
[EventDate "2019.06.21"]
[EventType "swiss"]
[EventCountry "NED"]
[SourceTitle "playchess.com"]
[Source "ChessBase"]
[SourceQuality "1"]
[TimeControl "6600+10"]

1. b3 e5 2. Bb2 Nc6 3. e3 d5 4. Bb5 Bd6 5. Nf3 f6 6. c4 a6 7. Bxc6+ bxc6 8. Nc3 e4 9. Nd4 Ne7 10. cxd5 cxd5 11. Nxd5 O-O 12. Nxe7+ Qxe7 13. Qh5 f5 14. Nc6 Qd7 15. Ne5 Qe6 16. Nc4 Be7 17. O-O Bb7 18. Rac1 Rad8 $16 19. Rc2 Rd5 20. Qh3 Bf6 21. Qg3 f4 22. exf4 Bxb2 23. Nxb2 c5 24. Na4 Rff5 25. Qe3 Qd6 26. Qxe4 Rxf4 27. Qe8+ Rf8 28. Qe3 Rh5 29. Qg3 Rf4 30. Rc4 Rf6 31. Qxd6 Rxd6 32. Nxc5 Bd5 33. Rd4 Rdh6 34. h4 Rc6 35. Ne4 Rg6 36. Ng5 Bc6 37. Rd8+ 1-0

[Event "14th HSG Open 2019-BC"]
[Site "Hilversum"]
[Date "2019.06.22"]
[Round "3.3"]
[White "Boons, Joris"]
[Black "Jacobsen, Raymond"]
[Result "1/2-1/2"]
[ECO "C55"]
[WhiteElo "1512"]
[BlackElo "1358"]
[Annotator "NA"]
[PlyCount "76"]
[EventDate "2019.06.21"]
[EventType "swiss"]
[EventCountry "NED"]
[SourceTitle "playchess.com"]
[Source "ChessBase"]
[SourceQuality "1"]
[TimeControl "6600+10"]

1. e4 e5 2. Nf3 Nc6 3. d4 exd4 4. Bc4 Nf6 5. e5 d5 6. Bb5 Ne4 7. O-O Bc5 8. Nxd4 Bd7 9. Bxc6 Bxc6 10. Be3 Bxd4 11. Qxd4 Ng5 12. Bxg5 Qxg5 13. Nc3 O-O 14. Nxd5 Rfd8 15. c4 b5 16. f4 Qh4 17. Qc5 Bxd5 18. cxd5 a6 19. Rad1 Qg4 20. a3 Qe2 21. Qf2 Qc4 22. Rd4 Qc5 23. Rfd1 Rd7 24. e6 fxe6 25. dxe6 Rxd4 26. Qxd4 Qxd4+ 27. Rxd4 Re8 28. f5 Kf8 29. Rd7 Re7 30. Rxe7 Kxe7 31. Kf2 c5 32. Ke3 g6 33. g4 a5 34. Kd3 Kd6 35. Kc3 g5 36. b4 cxb4+ 37. axb4 a4 38. Kb2 Ke7 1/2-1/2

[Event "14th HSG Open 2019-BC"]
[Site "Hilversum"]
[Date "2019.06.22"]
[Round "3.4"]
[White "Beusen, Frank"]
[Black "Nitrauw, Peter"]
[Result "0-1"]
[ECO "D88"]
[WhiteElo "1540"]
[BlackElo "1545"]
[Annotator "NA"]
[PlyCount "128"]
[EventDate "2019.06.21"]
[EventType "swiss"]
[EventCountry "NED"]
[SourceTitle "playchess.com"]
[Source "ChessBase"]
[SourceQuality "1"]
[TimeControl "6600+10"]

1. d4 Nf6 2. c4 g6 3. Nc3 d5 4. cxd5 Nxd5 5. e4 Nxc3 6. bxc3 c5 7. Bc4 Bg7 8. Ne2 Nc6 9. Be3 O-O 10. O-O cxd4 11. cxd4 b6 12. Rc1 Bb7 13. f3 Rc8 14. Qd2 e6 15. Rfd1 Qe7 16. f4 Rfd8 17. d5 Na5 18. d6 Qd7 19. Qd3 Rxc4 20. Rxc4 Ba6 21. Rc7 Bxd3 22. Rxd7 Rxd7 23. Rxd3 e5 24. Bd2 Nc4 25. Bc3 Rxd6 26. Rd5 Rxd5 27. exd5 f6 28. Kf2 Kf7 29. Kf3 Ke7 30. fxe5 fxe5 31. Ke4 Nd6+ 32. Kd3 a5 33. Ng3 Bf6 34. a4 e4+ 35. Kc2 e3 36. Ne2 Ne4 37. Bxf6+ Nxf6 38. Nc3 Kd6 39. Kd3 Nxd5 40. Ne4+ Ke5 41. Ng5 h5 42. Nf3+ Kd6 43. Kd4 g5 44. Nxg5 e2 45. Nf3 Nf4 46. Ne1 h4 47. g3 hxg3 48. hxg3 Ne6+ 49. Kc4 Kc6 50. g4 Ng5 51. Kd3 Kc5 52. Nc2 e1=Q 53. Nxe1 Kb4 54. Nc2+ Kxa4 55. Kc4 b5+ 56. Kc3 Ne6 57. Kb2 b4 58. Ne1 Kb5 59. Nf3 a4 60. g5 Kc4 61. g6 a3+ 62. Kb1 Kb3 63. Nd4+ Nxd4 64. g7 a2+ 0-1

[Event "14th HSG Open 2019-BC"]
[Site "Hilversum"]
[Date "2019.06.22"]
[Round "4.1"]
[White "Krosenbrink, Marcel"]
[Black "De Winter, Arthur"]
[Result "1/2-1/2"]
[ECO "B23"]
[WhiteElo "1886"]
[BlackElo "1759"]
[Annotator "NA"]
[PlyCount "43"]
[EventDate "2019.06.21"]
[EventType "swiss"]
[EventCountry "NED"]
[SourceTitle "playchess.com"]
[Source "ChessBase"]
[SourceQuality "1"]
[TimeControl "6600+10"]

1. e4 c5 2. Nc3 e6 3. f4 Nc6 4. Nf3 a6 5. a4 d6 6. Bc4 Nf6 7. Bb3 Be7 8. d3 O-O 9. O-O b6 10. Qe1 Bb7 11. Qg3 d5 12. e5 Nd7 13. f5 Kh8 14. Bf4 d4 15. Ne4 exf5 16. Neg5 Bxg5 17. Bxg5 f6 18. exf6 Nxf6 19. Nh4 Nh5 20. Bxd8 Nxg3 21. hxg3 Raxd8 22. Nxf5 1/2-1/2

[Event "14th HSG Open 2019-BC"]
[Site "Hilversum"]
[Date "2019.06.22"]
[Round "4.2"]
[White "Arnold, Frieda"]
[Black "Flohr, Ron"]
[Result "1-0"]
[ECO "A04"]
[WhiteElo "1675"]
[BlackElo "1883"]
[Annotator "NA"]
[PlyCount "83"]
[EventDate "2019.06.21"]
[EventType "swiss"]
[EventCountry "NED"]
[SourceTitle "playchess.com"]
[Source "ChessBase"]
[SourceQuality "1"]
[TimeControl "6600+10"]

1. Nf3 d6 2. g3 Nd7 3. Bg2 c6 4. O-O h6 5. e4 g5 6. d4 Bg7 7. Re1 Qc7 8. c3 Nf8 9. Na3 Ng6 10. Nc2 Bd7 11. Ne3 Qc8 12. Qd3 g4 13. Nd2 h5 14. Nf5 Bf6 15. Nc4 Kf8 16. a4 h4 17. Nce3 hxg3 18. fxg3 Qc7 19. Nxg4 e6 20. Nfh6 Nxh6 21. Nxf6 Ng8 22. Rf1 e5 23. Qf3 Bh3 24. Bxh3 Rxh3 25. Qf5 Nxf6 26. Qxh3 Ng8 27. Qf5 Kg7 28. Bg5 Re8 29. Bf6+ Nxf6 30. Qxf6+ Kg8 31. Rae1 Re6 32. Qf5 Re7 33. h4 exd4 34. cxd4 Qb6 35. Qf6 Qb3 36. Qg5 Qxb2 37. h5 Qxd4+ 38. Kg2 Re6 39. hxg6 Rxg6 40. Qf4 Qg7 41. Rf2 Rg4 42. Qxd6 1-0

[Event "14th HSG Open 2019-BC"]
[Site "Hilversum"]
[Date "2019.06.22"]
[Round "4.3"]
[White "Nitrauw, Peter"]
[Black "Boons, Joris"]
[Result "0-1"]
[ECO "C55"]
[WhiteElo "1545"]
[BlackElo "1512"]
[Annotator "NA"]
[PlyCount "73"]
[EventDate "2019.06.21"]
[EventType "swiss"]
[EventCountry "NED"]
[SourceTitle "playchess.com"]
[Source "ChessBase"]
[SourceQuality "1"]
[TimeControl "6600+10"]

1. e4 e5 2. Nf3 Nc6 3. Bc4 Nf6 4. O-O Bc5 5. d3 h6 6. Be3 Bb6 7. Nc3 d6 8. h3 Be6 9. Nd5 Na5 10. Nxb6 axb6 11. Bb5+ Bd7 12. Bxd7+ Qxd7 13. d4 exd4 14. Bxd4 Nc6 15. Re1 Nxd4 16. Nxd4 O-O 17. Qf3 Rfe8 18. Nf5 Kh7 19. a3 Re5 20. Qg3 g6 21. Qh4 gxf5 22. Qxf6 fxe4 23. Rad1 Rae8 24. f3 e3 25. f4 Re4 26. Qc3 Qf5 27. Qxc7 Rxf4 28. Qxb7 Qxc2 29. Qxb6 Rg8 30. Qb7 e2 31. Rc1 Qd2 32. Qc6 Qd3 33. Qc3 Qe4 34. Qc2 Rxg2+ 35. Kh1 Rf1+ 36. Rxf1 exf1=Q+ 37. Rxf1 0-1

[Event "14th HSG Open 2019-BC"]
[Site "Hilversum"]
[Date "2019.06.22"]
[Round "4.4"]
[White "Jacobsen, Raymond"]
[Black "Manshanden, Dennis"]
[Result "1-0"]
[ECO "E24"]
[WhiteElo "1358"]
[BlackElo "1208"]
[Annotator "NA"]
[PlyCount "107"]
[EventDate "2019.06.21"]
[EventType "swiss"]
[EventCountry "NED"]
[SourceTitle "playchess.com"]
[Source "ChessBase"]
[SourceQuality "1"]
[TimeControl "6600+10"]

1. d4 Nf6 2. c4 e6 3. Nc3 Bb4 4. a3 Bxc3+ 5. bxc3 b6 6. Nf3 Bb7 7. e3 O-O 8. Bd3 d6 9. O-O Nbd7 10. Re1 c5 11. e4 Qc7 12. Qe2 h6 13. d5 Rfe8 14. Nh4 exd5 15. Nf5 dxe4 16. Bc2 Ne5 17. Bf4 Rad8 18. Qe3 Qd7 19. Nxg7 Neg4 20. Nxe8 Nxe3 21. Nxf6+ Kg7 22. Nxd7 Nxc2 23. Nxb6 axb6 24. g3 Nxa1 25. Rxa1 Ba6 26. Rd1 Bxc4 27. Rxd6 Rxd6 28. Bxd6 Bd3 29. Kg2 Kg6 30. f4 e3 31. Bc7 e2 32. Kf2 b5 33. Bb6 c4 34. h3 h5 35. Bc7 Kf5 36. Be5 Ke4 37. Bf6 e1=Q+ 38. Kxe1 Kf3 39. Bh4 Ke3 40. Bf6 Be4 41. Kf1 Kf3 42. Bh4 Ke3 43. Bf6 Kd3 44. Kf2 Kc2 45. Ke3 Kb3 46. g4 hxg4 47. hxg4 Kxa3 48. Kd4 b4 49. Be7 Ka4 50. Bxb4 Kb5 51. g5 Kc6 52. Kxc4 Kd7 53. Kd4 Ke6 54. c4 1-0

[Event "14th HSG Open 2019-BC"]
[Site "Hilversum"]
[Date "2019.06.23"]
[Round "5.1"]
[White "De Winter, Arthur"]
[Black "Arnold, Frieda"]
[Result "1-0"]
[ECO "B32"]
[WhiteElo "1759"]
[BlackElo "1675"]
[Annotator "NA"]
[PlyCount "73"]
[EventDate "2019.06.21"]
[EventType "swiss"]
[EventCountry "NED"]
[SourceTitle "playchess.com"]
[Source "ChessBase"]
[SourceQuality "1"]
[TimeControl "6600+10"]

1. e4 c5 2. Nf3 Nc6 3. d4 cxd4 4. Nxd4 e5 5. Nb5 d6 6. N1c3 a6 7. Na3 b5 8. Nd5 Nge7 9. Be3 Nxd5 10. exd5 Ne7 11. c4 Nf5 12. Bd2 Qh4 13. Bd3 Nd4 14. O-O Be7 15. cxb5 O-O 16. Be3 Bg4 17. f3 Bc8 18. bxa6 Bxa6 19. Bxa6 Rxa6 20. Nc2 Nf5 21. Qd3 Nxe3 22. Nxe3 Qa4 23. b3 Qa5 24. a3 Rfa8 25. Nc4 Qc5+ 26. Kh1 Bg5 27. Rfb1 Qf2 28. Rb2 Qh4 29. g3 Qh6 30. b4 Bf6 31. Qe4 Bg5 32. b5 Ra4 33. Qc2 Be3 34. b6 Rxc4 35. Qxc4 Bc5 36. b7 Rb8 37. Qg4 1-0

[Event "14th HSG Open 2019-BC"]
[Site "Hilversum"]
[Date "2019.06.23"]
[Round "5.3"]
[White "Boons, Joris"]
[Black "Kohlrausch, Armin"]
[Result "1-0"]
[ECO "B27"]
[WhiteElo "1512"]
[BlackElo "1540"]
[Annotator "NA"]
[PlyCount "53"]
[EventDate "2019.06.21"]
[EventType "swiss"]
[EventCountry "NED"]
[SourceTitle "playchess.com"]
[Source "ChessBase"]
[SourceQuality "1"]
[TimeControl "6600+10"]

1. e4 c5 2. Nf3 g6 3. d4 cxd4 4. Nxd4 Bg7 5. Nc3 Nc6 6. Be3 a6 7. Bc4 d6 8. Qd2 Nf6 9. f3 O-O 10. Nxc6 bxc6 11. O-O-O Nd7 12. Bh6 Bxh6 13. Qxh6 Qb6 14. h4 Rb8 15. h5 g5 16. Qxg5+ Kh8 17. Bb3 Nf6 18. Rxd6 Rg8 19. Qe5 Be6 20. Nd5 Qc5 21. Rxc6 Qb5 22. c4 Qa5 23. Rc7 Rxg2 24. Rxe7 Qd2+ 25. Kb1 Kg7 26. h6+ Kg8 27. Qxb8+ 1-0

[Event "14th HSG Open 2019-BC"]
[Site "Hilversum"]
[Date "2019.06.23"]
[Round "5.4"]
[White "Nitrauw, Peter"]
[Black "Jacobsen, Raymond"]
[Result "0-1"]
[ECO "B21"]
[WhiteElo "1545"]
[BlackElo "1358"]
[Annotator "NA"]
[PlyCount "90"]
[EventDate "2019.06.21"]
[EventType "swiss"]
[EventCountry "NED"]
[SourceTitle "playchess.com"]
[Source "ChessBase"]
[SourceQuality "1"]
[TimeControl "6600+10"]

1. e4 c5 2. d4 cxd4 3. c3 dxc3 4. Nxc3 Nc6 5. Nf3 d6 6. Bc4 g6 7. O-O Bg7 8. Qe2 Nf6 9. Rd1 Nd7 10. Bf4 O-O 11. Rac1 Nde5 12. Nxe5 Nxe5 13. Nb5 Nxc4 14. Rxc4 Be6 15. Ra4 a6 16. Nc3 b5 17. Rb4 Qa5 18. a3 Bxc3 19. bxc3 Qxa3 20. Bh6 Rfc8 21. e5 Qxc3 22. Rbd4 Rc4 23. Qe4 Rac8 24. exd6 Rxd4 25. Qxd4 Qxd4 26. Rxd4 exd6 27. Rxd6 Ra8 28. Rb6 Bc4 29. h3 a5 30. f3 a4 31. Bd2 a3 32. Bc3 a2 33. Ba1 Rd8 34. Kh2 Kf8 35. Bf6 Ra8 36. Ba1 Ke7 37. Rb7+ Kd6 38. Rb6+ Kc5 39. Rb7 Re8 40. Bc3 Re3 41. Bf6 Kb4 42. Ra7 Kb3 43. Kg3 Re6 44. Ba1 b4 45. Bd4 Ra6 0-1

[Event "14th HSG Open 2019-BC"]
[Site "Hilversum"]
[Date "2019.06.23"]
[Round "6.2"]
[White "Ibrahim, Geomerd"]
[Black "Mensing, Adrian"]
[Result "1-0"]
[ECO "C55"]
[WhiteElo "1935"]
[BlackElo "1938"]
[Annotator "NA"]
[PlyCount "93"]
[EventDate "2019.06.21"]
[EventType "swiss"]
[EventCountry "NED"]
[SourceTitle "playchess.com"]
[Source "ChessBase"]
[SourceQuality "1"]
[TimeControl "6600+10"]

1. e4 e5 2. Nf3 Nc6 3. Bc4 Nf6 4. d3 Be7 5. O-O O-O 6. Re1 d6 7. h3 Na5 8. Nbd2 c5 9. c3 Nxc4 $11 10. Nxc4 b5 11. Ne3 g6 12. a4 b4 13. c4 Ne8 14. Nd5 f5 15. Bh6 Ng7 16. exf5 Bxf5 17. Nd2 Bxd3 18. f4 Bh4 19. g3 Bxg3 20. Re3 Qh4 21. Rxd3 Qxh3 22. Qe2 Qxh6 23. Rxg3 exf4 24. Rg2 Rae8 25. Qf3 Ne6 26. Ne4 Nd4 27. Ndf6+ Kh8 28. Qf2 Re6 29. Rh2 Qg7 30. Rxh7+ Qxh7 31. Nxh7 Kxh7 32. Ng5+ Kg8 33. Nxe6 Nxe6 34. Re1 Ng5 35. Qg2 Rf5 36. Qa8+ Rf8 37. Qd5+ Nf7 38. Kf2 Kg7 39. Re7 Kf6 40. Qe6+ Kg7 41. Kf3 g5 42. Kg4 a5 43. Kf5 f3 44. Qg6+ Kh8 45. Rxf7 Rxf7+ 46. Qxf7 f2 47. Ke4 1-0

[Event "14th HSG Open 2019-BC"]
[Site "Hilversum"]
[Date "2019.06.23"]
[Round "6.3"]
[White "Jacobsen, Raymond"]
[Black "Mensing, Luana"]
[Result "1/2-1/2"]
[ECO "D00"]
[WhiteElo "1358"]
[BlackElo "1545"]
[Annotator "NA"]
[PlyCount "112"]
[EventDate "2019.06.21"]
[EventType "swiss"]
[EventCountry "NED"]
[SourceTitle "playchess.com"]
[Source "ChessBase"]
[SourceQuality "1"]
[TimeControl "6600+10"]

1. d4 d5 2. Bf4 e6 3. Nf3 Nf6 4. Nbd2 Nbd7 5. e3 Be7 6. Bd3 b6 7. h3 Bb7 8. O-O O-O 9. c3 c5 10. Re1 a6 11. a4 c4 12. Bc2 Rc8 13. Ne5 Nxe5 14. Bxe5 Bd6 15. Nf3 h6 16. Qe2 Ne4 17. Bxd6 Nxd6 18. Ne5 Bc6 19. Qg4 Qf6 20. Nxc6 Rxc6 21. e4 dxe4 22. Bxe4 Nxe4 23. Qxe4 Rfc8 24. Re3 Qg5 25. Rd1 Qa5 26. Qc2 Rd6 27. Re5 Rd5 28. Rde1 Rcd8 29. f4 Rxe5 30. Rxe5 Rd5 31. b3 cxb3 32. Qxb3 Rxe5 33. fxe5 Kf8 34. Kf2 Ke8 35. Ke3 b5 36. axb5 axb5 37. Kd3 Kd7 38. d5 exd5 39. Qxd5+ Ke7 40. Qd6+ Ke8 41. e6 fxe6 42. Qxe6+ Kf8 43. Qd6+ Kf7 44. Qd5+ Kg6 45. Qe4+ Kf7 46. g4 Qa6 47. Qf5+ Kg8 48. Qd5+ Kh7 49. Kd4 Qb6+ 50. Ke4 b4 51. Qf5+ Kg8 52. Qd5+ Kh7 53. Qf5+ Kg8 54. Qc8+ Kh7 55. Qf5+ Kg8 56. Qd5+ Kh7 1/2-1/2

[Event "14th HSG Open 2019-BC"]
[Site "Hilversum"]
[Date "2019.06.23"]
[Round "6.4"]
[White "Kazarjan, Gachatur"]
[Black "Boons, Joris"]
[Result "0-1"]
[ECO "B77"]
[WhiteElo "1484"]
[BlackElo "1512"]
[Annotator "NA"]
[PlyCount "82"]
[EventDate "2019.06.21"]
[EventType "swiss"]
[EventCountry "NED"]
[SourceTitle "playchess.com"]
[Source "ChessBase"]
[SourceQuality "1"]
[TimeControl "6600+10"]

1. e4 c5 2. Nf3 d6 3. d4 cxd4 4. Nxd4 Nf6 5. Nc3 g6 6. Bc4 Bg7 7. f3 O-O 8. Be3 Nc6 9. Qd2 Nxd4 10. Bxd4 a6 11. O-O-O Bd7 12. g4 b5 13. Be2 b4 14. Nd5 Nxd5 15. Bxg7 Kxg7 16. exd5 Qa5 17. Qd4+ Kg8 18. Kb1 Rfc8 19. Bd3 e5 20. Qe4 f5 21. gxf5 Bxf5 22. Qe2 Bxd3 23. Qxd3 Qb5 24. Qxb5 axb5 25. b3 Rf8 26. Rd3 Rf4 27. h4 Kg7 28. h5 Raf8 29. hxg6 hxg6 30. Rh3 g5 31. Kb2 Kg6 32. c3 e4 33. fxe4 Rf2+ 34. Kc1 Rxa2 35. Kb1 Re2 36. Rhf3 Rxf3 37. Rxf3 g4 38. Rf8 bxc3 39. Rg8+ Kh5 40. Rh8+ Kg5 41. Rd8 g3 0-1